 Dungeon Crawl Stone Soup version 0.29-a0-234-g0dae59b3db (webtiles) character file.

Game seed: 10139083625466802866

23 siradein the Grave Robber (level 2, 0/23 HPs)
             Began as a Draconian Necromancer on Mar 3, 2022.
             Slain by a worm (9 damage)
             ... on level 2 of the Dungeon.
             The game lasted 00:02:05 (1096 turns).

siradein the Grave Robber (Draconian Necromancer)   Turns: 1096, Time: 00:02:05

Health: 0/23       AC:  4    Str: 10    XL:     2   Next: 72%
Magic:  4/5        EV: 12    Int: 15    God:
Gold:   53         SH:  0    Dex: 11    Spells: 3/5 levels left

rFire   . . .      SeeInvis .   d - +0 whip
rCold   . . .      Faith    .   (no shield)
rNeg    . . .      Spirit   .   (body armour unavailable)
rPois   .          Reflect  .   (helmet restricted)
rElec   .          Harm     .   (no cloak)
rCorr   .          Rampage  .   (no gloves)
Will    .....                   (no boots)
Stlth   ++........              (no amulet)
HPRegen 0.07/turn               (no ring)
MPRegen 0.09/turn               (no ring)

@: no status effects
A: AC +4, unfitting armour, cold-blooded
a: no special abilities


You were on level 2 of the Dungeon.
You visited 1 branch of the dungeon, and saw 2 of its levels.

You collected 53 gold pieces.

Inventory:

Hand Weapons
 d - a +0 whip (weapon)
Jewellery
 g - a +6 ring of dexterity
Scrolls
 a - a scroll of amnesia {unknown}
 b - a scroll of vulnerability {unknown}
 e - a scroll of identify {unknown}
 f - 2 scrolls of magic mapping {unknown}
Potions
 c - a potion of lignification {unknown}
 h - a potion of magic {unknown}
 i - a potion of berserk rage {unknown}


   Skills:
 + Level 1.4 Fighting
 + Level 2.2 Dodging
 - Level 1.7 Stealth
 - Level 2.0 Spellcasting
 + Level 4.2 Necromancy


You had 3 spell levels left.
You knew the following spells:

 Your Spells              Type           Power      Damage    Failure   Level
a - Pain                  Necr           56%        1d6       3%          1
b - Animate Skeleton      Necr           28%        N/A       3%          1

Your spell library contained the following spells:

 Spells                   Type           Power      Damage    Failure   Level
 Vampiric Draining        Necr           14%        2d7       12%         3
 Animate Dead             Necr           7%         N/A       36%         4
 Agony                    Necr           14%        N/A       71%         5


Dungeon Overview and Level Annotations

Branches:
Dungeon (2/15)

Altars:


Innate Abilities, Weirdness & Mutations

Your plain brown scales are hard. (AC +4)
You cannot fit into any form of body armour.
You are cold-blooded and may be slowed by cold attacks.


Message History

You attempt to give life to the dead...
Before your eyes, flesh is ripped from the corpse!
The dead are slithering!
What are your orders? t - Shout!
Orders for allies: a - Attack new target. r - Retreat! s - Stop attacking. g - Guard the area. f - Follow me.
Anything else - Cancel.
Gang up on whom?
Press: ? - help, Dir - move target, f - worm
Aim: a worm (ally target) Attack!
The worm barely misses your quokka skeleton.
You see here a +0 dagger.
Your quokka skeleton completely misses the worm.
Your quokka skeleton bites the worm.
The worm closely misses your quokka skeleton.
Your quokka skeleton bites the worm.
The worm bites your quokka skeleton!
Your quokka skeleton is destroyed!
You see here a +0 dagger.
Your ball python skeleton bites the worm.
Your ball python skeleton grabs the worm.
Your ball python skeleton constricts the worm.
Found a blue potion.
Your ball python skeleton bites the worm.
Your ball python skeleton constricts the worm.
The worm bites your ball python skeleton.
Found a scroll labelled BOFOT YBETS.
Found a stone staircase leading up.
Your ball python skeleton bites the worm but does no damage.
Your ball python skeleton constricts the worm.
Your ball python skeleton bites the worm.
Your ball python skeleton constricts the worm.
The worm bites your ball python skeleton!
Your ball python skeleton is destroyed!
You hit the worm but do no damage.
You tail-slap the worm, but do no damage.
The worm is heavily wounded.
The worm bites you!
You die...

...#....#.......#...#
...........#.#.#.#...####
....#.....#....).........
..#.#..#..#........#
#...#....##))....#
#..#.....##......#
#.#..#...........#
#............#####
######....@w#
#.............
#......>...?..
#....)........
#.............
.!.............
..<............
...............


You could see a worm.

Vanquished Creatures
  2 endoplasms
  A giant cockroach (D:1)
  3 goblins
  2 quokkas
  3 ball pythons
  2 frilled lizards (D:1)
  2 kobolds (D:1)
  2 rats
17 creatures vanquished.

Vanquished Creatures (collateral kills)
  An endoplasm (D:2)
  2 goblins (D:2)
  A kobold (D:2)
  A rat (D:2)
5 creatures vanquished.

Grand Total: 22 creatures vanquished

Notes
Turn   | Place    | Note
-------+----------+-------------------------------------------
     0 | D:1      | siradein the Draconian Necromancer began the quest for the
                  | Orb.
     0 | D:1      | Reached XP level 1. HP: 14/14 MP: 3/3
   583 | D:1      | Reached skill level 1 in Fighting
   583 | D:1      | Reached XP level 2. HP: 22/23 MP: 1/5
   585 | D:1      | Learned a level 1 spell: Animate Skeleton
  1096 | D:2      | Slain by a worm

Illustrated notes

Levels and vault maps discovered:
D:1:      elethiomel_arrival_quiet, layout_loops_ring
D:2:      minmay_wonky_spiral, layout_rooms, chequers_avenue,
          nrook_loot_triangle, hangedman_decor_opposing, minmay_splitting_lines

Skill      XL: |  1 |
---------------+----+-----
Dodging        | 2 |  2.2
Fighting       | 1 |  1.4
Stealth        | |  1.7
Spellcasting   | |  2.0
Necromancy     | |  4.2

Action                   || total
-------------------------++-------
Melee: Whip              ||    39
       Tailslap          ||     3
       Punch             ||     1
 Cast: Pain              ||    11
       Animate Skeleton  ||     7
Armor: Skin              ||    14
Dodge: Dodged            ||    30

Table legend: (Time is in decaauts)
 A = Elapsed time spent in this place.
 B = Non-inter-level travel time spent in this place.
 C = Inter-level travel time spent in this place.
 D = Time resting spent in this place.
 E = Time spent auto-exploring this place.
 F = Levels seen in this place.
 G = Mean time per level.
                   A        B        C        D        E       F      G
               +--------+--------+--------+--------+--------+-----+--------+
         Total |   1099 |   1072 |     27 |     40 |    858 |   2 |  549.5 |
       Dungeon |   1099 |   1072 |     27 |     40 |    858 |   2 |  549.5 |
               +--------+--------+--------+--------+--------+-----+--------+

Top non-repeatable levels by time:
     D:1: 971 daAuts
     D:2: 128 daAuts
